 Dungeon Crawl Stone Soup version 0.19-a0-664-g51fd293 (webtiles) character file.

352 scalarboson the Covered (level 6, -3/38 HPs)
             Began as a Gargoyle Berserker on June 15, 2016.
             Was a Priest of Trog.
             Killed from afar by Dowan (18 damage)
             ... with a shard of ice
             ... on level 4 of the Dungeon.
             The game lasted 00:17:56 (3445 turns).

scalarboson the Covered (Gargoyle Berserker)        Turns: 3445, Time: 00:17:57

Health: -3/38      AC: 13    Str: 22    XL:     6   Next: 62%
Magic:  6/6        EV: 11    Int:  8    God:    Trog [***...]
Gold:   128        SH:  0    Dex:  9    Spells: 0 memorised, 5 levels left

rFire  . . .     SeeInvis .     a - +0 falchion
rCold  . . .     Gourm    .     q - +0 scale mail
rNeg   + . .     Faith    .     (no shield)
rPois  ∞         Spirit   .     n - +1 helmet
rElec  +         Dismiss  .     (no cloak)
rCorr  .         Reflect  .     (no gloves)
SustAt .         Harm     .     (no boots)
MR     .....                    (no amulet)
Stlth  ..........               (no ring)
                                (no ring)

@: not resistant to hostile enchantments, extremely unstealthy
A: negative energy resistance 1, electricity resistance, unbreathing, evolution
1, petrification resistance, rot immunity, AC +4
a: Berserk, Trog's Hand, Burn Spellbooks, Renounce Religion


You were on level 4 of the Dungeon.
You worshipped Trog.
Trog was most pleased with you.
You were not hungry.

You visited 1 branch of the dungeon, and saw 4 of its levels.

You collected 128 gold pieces.

Inventory:

Hand Weapons
 a - a +0 falchion (weapon)
 e - a +0 hunting sling
Armour
 b - a +0 animal skin
 g - a +0 ring mail
 h - a +0 ring mail
 i - a +0 ring mail
 n - a +1 helmet (worn)
 o - a +0 scale mail
 q - a +0 scale mail (worn)
Scrolls
 d - 2 scrolls of teleportation
 f - a scroll of noise
 k - 2 scrolls of remove curse {unknown}
 m - a scroll of amnesia {unknown}
 p - 2 scrolls of magic mapping
 r - 2 scrolls of fog
 u - a scroll of immolation {unknown}
Potions
 j - a potion of invisibility {unknown}
 s - a potion of ambrosia {unknown}
 t - 2 potions of cure mutation {unknown}
 v - 2 potions of heal wounds {unknown}
 w - a potion of mutation {unknown}
 z - a potion of flight {unknown}
Comestibles
 c - 3 bread rations
 l - 3 beef jerkies
 x - a royal jelly


   Skills:
 + Level 3.9 Fighting
 + Level 3.7 Long Blades
 + Level 4.0 Armour
 + Level 4.0 Dodging
 + Level 0.8 Stealth


You had 5 spell levels left.
You didn't know any spells.

Dungeon Overview and Level Annotations

Branches:
Dungeon (4/15)
 Temple: D:4-7

Altars:
Makhleb

Annotations:
D:3 1 exclusion
D:4 Dowan


Innate Abilities, Weirdness & Mutations

You are resistant to torment.
Your stone body is resilient. (AC +4)
You are immune to poison.
You resist negative energy. (rN+)
You are resistant to electric shocks. (rElec)
You can survive without breathing.
You are immune to petrification.
You are immune to rotting.
You evolve.


Message History

Duvessa hits you but does no damage. x2
You closely miss Duvessa.
Duvessa is heavily wounded.
Duvessa hits you with a short sword. Duvessa closely misses you.
You hit Duvessa but do no damage.
Duvessa is heavily wounded.
Duvessa hits you but does no damage.
You slash Duvessa!
Duvessa is almost dead.
Duvessa hits you but does no damage. x2
Dowan gestures at you while chanting.
The puff of flame hits Duvessa.
Duvessa dies!
Dowan screams in horror.
Dowan seems to find hidden reserves of power!
Your Armour skill increases to level 4!
Your Dodging skill increases to level 4!
Dowan points at you and mumbles some strange words.
The shard of ice hits you!
You die...

#.######## #.....e... #.########
#.# ###.##########
#............# #
###.#....e...#.# .#
#.....######.#.# .# #
#####.e@.....#.####.#.##
######################.#.(......
#(....................†.........
#.#########....#########.[######
#.# #............<........ #.#
#....#############.... #.#
#.#.#.. ........ #.# #.#.#.##
####.... #.# #.#.#.# #....


You could see Dowan.

Vanquished Creatures
  A crimson imp (D:4)
  A hound (D:4)
  Natasha (thrice) (D:3)
  A worker ant (D:4)
  A hound skeleton (D:4)
  4 adders
  2 worms
  3 giant geckos
  3 orcs
  2 ball pythons
  11 bats
  A giant cockroach (D:2)
  6 goblins
  9 hobgoblins
  4 jackals
  3 quokkas
  3 giant newts
  6 kobolds
  10 rats
74 creatures vanquished.

Vanquished Creatures (others)
  Duvessa (D:4)
1 creature vanquished.

Grand Total: 75 creatures vanquished

Notes
Turn   | Place    | Note
--------------------------------------------------------------
     0 | D:1      | scalarboson the Gargoyle Berserker began the quest for the Orb.
     0 | D:1      | Reached XP level 1. HP: 14/14 MP: 1/1
   106 | D:1      | Reached XP level 2. HP: 15/19 MP: 2/2
   890 | D:2      | Reached XP level 3. HP: 23/23 MP: 3/3
  1003 | D:2      | Reached ** piety under Trog
  1649 | D:3      | Found a burning altar of Makhleb.
  1695 | D:3      | Reached XP level 4. HP: 29/29 MP: 4/4
  1824 | D:3      | Noticed Natasha
  1845 | D:3      | Killed Natasha
  2145 | D:3      | Reached XP level 5. HP: 33/33 MP: 5/5
  2189 | D:3      | Reached *** piety under Trog
  2240 | D:3      | Noticed Natasha
  2261 | D:3      | Killed Natasha
  2273 | D:3      | Noticed Natasha
  2286 | D:3      | Gained mutation: You evolve. [potion of beneficial mutation]
  2592 | D:3      | Killed Natasha
  3198 | D:4      | Reached XP level 6. HP: 38/38 MP: 6/6
  3405 | D:4      | Noticed Dowan
  3420 | D:4      | Noticed Duvessa
  3444 | D:4      | Killed Duvessa
  3445 | D:4      | Killed from afar by Dowan

Vault maps used:
D:1:      scummos_arrival_forest
D:3:      lemuel_crystal_altar, first_bread, eino_tiny_chamber, uniq_natasha
D:4:      hex_large, uniq_duvessa

Skill      XL: |  1  2  3  4  5  6 |
---------------+-------------------+-----
Long Blades    | 3 |  3.7
Dodging        | 2 3 4 |  4.0
Armour         | 3 4 |  4.0
Fighting       | |  3.9
Stealth        | |  0.8

Action                   |  1- 3 |  4- 6 || total
-------------------------+-------+-------++-------
Melee: Falchion          |   148 |   222 ||   370
  Use: Scroll            |     3 |     3 ||     6
       Potion            |       |     2 ||     2
  Eat: Bread ration      |     1 |       ||     1
       Meat ration       |       |     1 ||     1
Armor: Animal skin       |    22 |       ||    22
       Ring mail         |   113 |   160 ||   273
       Scale mail        |       |    41 ||    41
       Skin              |       |     1 ||     1
Dodge: Dodged            |   165 |   260 ||   425
